 Dungeon Crawl Stone Soup version 0.16.0-14-g63f578d (webtiles) character file.

41 sanddemon the Vexing (level 3, -5/25 HPs)
             Began as a Formicid Enchanter on Mar 18, 2015.
             Slain by Sigmund
             ... wielding a +0 scythe
              (11 damage)
             ... on level 2 of the Dungeon.
             The game lasted 00:05:23 (1588 turns).

sanddemon the Vexing (Formicid Enchanter)           Turns: 1588, Time: 00:05:23

Health: -5/25      AC:  5    Str: 12    XL:     3   Next: 75%
Magic:  7/7        EV: 10    Int: 15    God:
Gold:   95         SH:  0    Dex: 11    Spells: 1 memorised, 5 levels left

rFire  . . .     SeeInvis +     a - +1 dagger
rCold  . . .     Clarity  .     m - +0 ring mail
rNeg   . . .     SustAb   .     (no shield)
rPois  .         Gourm    .     (helmet unavailable)
rElec  .         Spirit   .     (no cloak)
rCorr  .         Warding  .     (no gloves)
rMut   .         Stasis   +     (no boots)
MR     .....                    (no amulet)
Stlth  ..........               (no ring)
                                (no ring)

@: confused, not resistant to hostile enchantments, extremely unstealthy
A: permanent stasis, dig shafts and tunnels, four strong arms, antennae 3
a: Dig, Shaft Self


You were on level 2 of the Dungeon.
You were not hungry.

You visited 1 branch of the dungeon, and saw 3 of its levels.

You collected 95 gold pieces.

Inventory:

Hand weapons
 a - a +1 dagger (weapon)
Missiles
 e - 23 bolts
 o - 9 bolts of penetration
Armour
 b - a +1 robe
 m - a +0 ring mail (worn)
Scrolls
 i - a scroll of identify {unknown}
 l - 3 scrolls of magic mapping {unknown}
 n - a scroll of remove curse {unknown}
Potions
 h - a potion of brilliance {unknown}
 j - a potion of curing {unknown}
 k - a potion of flight {unknown}
Books
 c - a book of Maledictions

   Spells                             Type                      Level
   a - Corona                         Hexes                        1
   b - Sure Blade                     Hexes/Charms                 2
   c - Ensorcelled Hibernation        Hexes/Ice                    2
   d - Confuse                        Hexes                        3
   e - Dazzling Spray                 Conjuration/Hexes            3
   f - Enslavement                    Hexes                        4
Comestibles
 d - 2 bread rations
 f - a meat ration


   Skills:
 + Level 0.4 Fighting
 - Level 1.0 Short Blades
 - Level 1.7 Dodging
 + Level 4.1 Stealth
 - Level 2.1 Spellcasting
 * Level 5.0 Hexes


You had 5 spell levels left.
You knew the following spells:

 Your Spells              Type           Power        Failure   Level  Hunger
a - Corona                Hex            ###....      8%          1    #......


Dungeon Overview and Level Annotations

Branches:
Dungeon (3/15)

Altars:
Trog
The Shining One

Annotations:
D:2 Sigmund


Innate Abilities, Weirdness & Mutations

You are under a permanent stasis effect.
You can dig through walls and to a lower floor.
Your four strong arms can wield two-handed weapons with a shield.
You have a pair of large antennae on your head (SInv).


Message History

Sigmund is moderately wounded.
You hit Sigmund!
Sigmund is heavily wounded.
Sigmund casts a spell at you.
You are confused.
Sigmund casts a spell at you. The puff of flame hits you!
You bump into the stone wall.
Sigmund closely misses you.
You hit Sigmund.
Sigmund is severely wounded.
Sigmund misses you. Sigmund gestures at you while chanting.
You are more confused.
You closely miss Sigmund.
Sigmund is severely wounded.
Sigmund hits you with a scythe.
Sigmund hits you from afar with a scythe.
* * * LOW HITPOINT WARNING * * *
Sigmund hits you from afar with a scythe!
You die...

######## ### #..###.#.
###_### ..# #.#.#.##.
..... #.# #.#...##.
#♣...♣# #.###..#†#.#.
#.....# #.##.........
♣...♣ #.##...#.#.#.
#@#####.##..#....#.
####..>.........).#.#.
##....@...#.###.####.##
.#...........# #.# #.#
#.............# #.# #.#
###>....<....## #.# #.#
##........## #.# #..
#.##.##.## #.. ### #.
#.##... ... #. #.######
.#. ... . #


You could see Sigmund.

Vanquished Creatures
  A worm (D:3)
  A giant gecko (D:1)
  A giant cockroach (D:2)
  4 hobgoblins
  4 jackals (D:1)
  2 quokkas (D:2)
  3 ball pythons
  4 bats
  A giant newt (D:2)
  A goblin (D:1)
  6 kobolds
  7 rats
35 creatures vanquished.

Notes
Turn   | Place    | Note
--------------------------------------------------------------
     0 | D:1      | sanddemon, the Formicid Enchanter, began the quest for the Orb.
     0 | D:1      | Reached XP level 1. HP: 13/13 MP: 3/3
   289 | D:1      | Reached skill level 4 in Hexes
   296 | D:1      | Reached XP level 2. HP: 19/19 MP: 5/5
   519 | D:1      | Reached XP level 3. HP: 12/24 MP: 7/7
   916 | D:2      | Noticed Sigmund
  1142 | D:2      | Found a bloodstained altar of Trog.
  1260 | D:2      | Found a glowing golden altar of the Shining One.
  1275 | D:3      | HP: 1/24 [worm (9)]
  1276 | D:3      | Reached skill level 5 in Hexes
  1588 | D:2      | Slain by Sigmund

Action                   || total
-------------------------++-------
Melee: Dagger            ||   108
 Stab: Sleeping          ||     7
  Eat: Bread ration      ||     1
